 Dungeon Crawl Stone Soup version 0.21.1-1-g345015f (webtiles) character file.

193710 Mgcat the Arsonist (level 18, -13/89 HPs)
             Began as a Gargoyle Fire Elementalist on Mar 16, 2018.
             Was the Champion of Vehumet.
             Mangled by a large abomination (22 damage)
             ... on level 4 of the Abyss on Mar 17, 2018.
             The game lasted 02:56:54 (40568 turns).

Mgcat the Arsonist (Gargoyle Fire Elementalist)    Turns: 40568, Time: 02:56:55

Health: -13/89     AC: 37    Str:  7 (9)  XL:     18   Next: 28%
Magic:  3/28       EV: 12    Int: 26      God:    Vehumet [******]
Gold:   1183       SH:  7    Dex:  6 (8)  Spells: 2/43 levels left

rFire    + . .     SeeInvis .   a - +9 trident of Bile {flame, +Inv rF+ rN+ Stlth+}
rCold    . . .     Gourm    .   W - +3 buckler of Fun {Regen+ rCorr Int+3}
rNeg     + + +     Faith    .   B - +5 ring mail "Xetz" {rN+}
rPois    ∞         Spirit   .   v - +2 hat
rElec    +         Reflect  .   q - +1 cloak {MR+}
rCorr    +         Harm     .   C - +2 pair of gloves {Dex+3}
MR       +++..     Rnd*Rage +   M - +2 pair of boots Stlth ++........Rnd*Tele +
                                n - amulet "Nairph" {+Rage Int+4 Dex-5 Slay+3}
HPRegen  0.64/turn              R - ring of wizardry {Wiz+, !d}
MPRegen  0.21/turn              e - ring of protection from magic {MR+, !d}

@: flying
A: big wings, [berserk 2], [blurry vision 3], [deterioration 2], [dopey 2],
[frail 2], [low mp 2], negative energy resistance 1, electricity resistance,
[teleportitis 2], [weak 2], unbreathing, petrification resistance, rot immunity,
[MP-powered wands], AC +13
}: 1/15 runes: barnacled
a: Stop Flying, Renounce Religion, Evoke Berserk Rage, Evoke Invisibility


You were on level 4 of the Abyss.
You worshipped Vehumet.
Vehumet was exalted by your worship.
You were completely stuffed.

You visited 6 branches of the dungeon, and saw 30 of its levels.
You visited the Abyss 1 time.
You also visited: Labyrinth, Ice Cave and Volcano.

You collected 3253 gold pieces.
You spent 2070 gold pieces at shops.

Inventory:

Hand Weapons
 a - the +9 trident of Bile (weapon) {flame, +Inv rF+ rN+ Stlth+}
   (You bought it in a shop on level 2 of the Orcish Mines)

   It has been specially enchanted to burn those struck by it, causing extra
   injury to most foes and up to half again as much damage against particularly
   susceptible opponents.
   It protects you from fire.
   It protects you from negative energy.
   It lets you turn invisible.
   It makes you more stealthy.
 V - the +5 short sword of Wondrous Power {flame, +Inv rPois rC+}
   (You found it on level 3 of the Lair of Beasts)

   It has been specially enchanted to burn those struck by it, causing extra
   injury to most foes and up to half again as much damage against particularly
   susceptible opponents.
   It protects you from cold.
   It protects you from poison.
   It lets you turn invisible.
Missiles
 G - 6 throwing nets {=f, !d}
Armour
 q - a +1 cloak of magic resistance (worn)
   (You took it off Nikola on level 4 of the Shoals)
 v - a +2 hat (worn)
   (You took it off Gastronok on level 7 of the Dungeon)
 B - the +5 ring mail "Xetz" (worn) {rN+}
   (You found it on level 3 of the Lair of Beasts)

   It protects you from negative energy.
 C - a +2 pair of gloves of dexterity (worn)
   (You bought it in a shop on level 2 of the Orcish Mines)
 M - a +2 pair of boots (worn)
   (You found it on level 10 of the Dungeon)
 W - the +3 buckler of Fun (worn) {Regen+ rCorr Int+3}
   (You acquired it on level 3 of the Shoals)

   It affects your intelligence (+3).
   It increases your rate of regeneration.
   It protects you from acid and corrosion.
Magical Staves
 b - an uncursed staff of power {MP+17, !a}
   (You found it on level 2 of the Dungeon)
 r - an uncursed staff of conjuration {!a}
   (You found it on level 4 of the Shoals)
 P - an uncursed staff of earth
   (You found it on level 4 of the Shoals)
Jewellery
 d - an uncursed ring of ice {rC+, rF-}
   (You took it off Fannar on level 2 of the Lair of Beasts)
 e - a ring of protection from magic (right hand) {MR+, !d}
   (You found it on level 3 of the Lair of Beasts)
 n - the amulet "Nairph" (around neck) {+Rage Int+4 Dex-5 Slay+3}
   (You acquired it on level 2 of the Orcish Mines)

   [amulet of rage]

   It affects your intelligence (+4).
   It affects your dexterity (-5).
   It affects your accuracy and damage with ranged weapons and melee attacks
   (+3).
   It lets you go berserk.
 y - a +3 amulet of reflection
   (You found it on level 1 of the Shoals)
 E - an uncursed ring of protection from fire {rF+, !d}
   (You found it in a labyrinth)
 R - a ring of wizardry (left hand) {Wiz+, !d}
   (You found it on level 2 of the Lair of Beasts)
Wands
 j - a wand of scattershot (1)
   (You found it on level 2 of the Dungeon)
 F - a wand of iceblast (12)
   (You found it on level 5 of the Lair of Beasts)
 S - a wand of digging (19)
   (You found it on level 15 of the Dungeon)
 Z - a wand of acid (15)
   (You found it on level 3 of the Shoals)
Scrolls
 f - 5 scrolls of amnesia
 h - 15 scrolls of teleportation
 k - 4 scrolls of fear
 p - 5 scrolls of enchant weapon
 w - 3 scrolls of identify
 x - 3 scrolls of fog
 A - 3 scrolls of immolation {!r}
 D - 7 scrolls of remove curse
 L - a scroll of holy word {!r}
 N - a scroll of summoning {unknown}
 Q - a scroll of silence {unknown}
 U - a scroll of blinking {!r}
Potions
 i - 4 potions of brilliance
 l - 3 potions of cancellation
 m - 4 potions of mutation {!q}
 o - 6 potions of agility
 t - 4 potions of might
 u - 3 potions of lignification {!q}
 z - a potion of berserk rage {!q}
 O - a potion of curing
 T - a potion of resistance
 Y - a potion of magic
Books
 I - a book of Fire
   (You found it on level 4 of the Shoals)
Miscellaneous
 s - a sack of spiders
 H - a lamp of fire
   (You found it on level 5 of the Lair of Beasts)
 J - a fan of gales
   (You found it on level 9 of the Dungeon)
Comestibles
 c - 33 rations


   Skills:
 - Level 12.1 Fighting
 - Level 4.5 Polearms
 - Level 10.5 Armour
 - Level 9.8 Dodging
 - Level 2.1 Stealth
 - Level 4.0 Shields
 + Level 13.4 Spellcasting
 - Level 14.4 Conjurations
 + Level 5.2 Summonings
 + Level 14.5 Fire Magic
 - Level 7.5 Earth Magic
 - Level 4.5 Evocations


You had 2 spell levels left.
You knew the following spells:

 Your Spells              Type           Power        Failure   Level  Hunger
a - Lee's Rapid Deconstr  Erth           ######....   1%          5    ##.....
b - Throw Flame           Conj/Fire      ######       1%          2    None
c - Conjure Flame         Conj/Fire      #######.     1%          3    None
d - Sticky Flame          Conj/Fire      #######.     1%          4    None
e - Fireball              Conj/Fire      #######...   1%          5    ##.....
f - Iskenderun's Battles  Conj/Chrm      ######..     1%          5    ##.....
g - Force Lance           Conj/Tloc      ######..     1%          4    None
h - Bolt of Fire          Conj/Fire      #######...   1%          6    ####...
i - Spellforged Servitor  Conj/Summ      ######....   13%         7    ######.


Dungeon Overview and Level Annotations

Branches:
Dungeon (15/15)            Temple (1/1) D:6            Lair (6/6) D:11
 Shoals (4/4) Lair:3       Spider (2/4) Lair:2        Slime (0/5) Lair:6
    Orc (2/2) D:9             Elf (0/3) Orc:2        Vaults (0/5) D:13
 Depths (0/5) D:15

Altars:
Ashenzari
Cheibriados
Dithmenos
Elyvilon
Fedhas
Gozag
Hepliaklqana
Kikubaaqudgha
Makhleb
Nemelex Xobeh
Okawaru
Qazlal
Ru
Sif Muna
Trog
Uskayaw
Vehumet
Wu Jian
Xom
Yredelemnul
Zin
The Shining One
Beogh
Jiyva

Shops:
D:6 ?   D:9 [   D:15 ?   Orc:2 =[(*   Shoals:2 (   Shoals:3 ?

Annotations:
D:10 5 runed doors
D:15 exclusion: Roxanne, Roxanne
Spider:2 Frances


Innate Abilities, Weirdness & Mutations

You are resistant to torment.
Your stone body is resilient. (AC +13)
You are immune to poison.
Your large and strong wings let you fly indefinitely.
You resist negative energy. (rN+)
You are resistant to electric shocks. (rElec)
You can survive without breathing.
You are immune to petrification.
You are immune to rotting.
[You often lose your temper in combat.]
[Scrolls take you much longer to read.]
[Your body often deteriorates upon taking damage.]
[You are very dopey. (Int -4)]
[You are very frail. (-20% HP)]
[Your magical capacity is very low. (-20% MP)]
[You are sometimes teleported next to monsters.]
[You are very weak. (Str -4)]
[You expend magic power (3 MP) to strengthen your wands.]


Message History

You are suddenly pulled into a different region of the Abyss!
Found a corrupted altar of Lugonu.
c - 35 rations (gained 1)
You eat one of the 35 rations.
That ration really hit the spot!
You eat one of the 34 rations.
That ration really hit the spot!
Your magical contamination has completely faded away.
A bone dragon comes into view.
The bone dragon moves out of view.
A smoke demon comes into view.
The smoke demon roars!
A water elemental comes into view.
An ufetubus comes into view.
A large abomination comes into view.
The large abomination moves out of view.
You hit the large abomination. You burn the large abomination.
The large abomination is lightly damaged.
The large abomination hits you but does no damage.
You barely miss the large abomination.
The large abomination is lightly damaged.
The large abomination hits you but does no damage.
You hit the large abomination but do no damage.
The large abomination is lightly damaged.
The large abomination hits you!
Your body deteriorates!
You feel clumsy.
You barely miss the large abomination.
The large abomination is lightly damaged.
The water elemental misses you.
The large abomination hits you but does no damage.
Casting: Force Lance
Confirm with . or Enter, or press ? or * to list all spells.
Aiming: Bolt of Fire
Press: ? - help, Shift-Dir - straight line, f - water elemental
Aim: a water elemental The bolt of fire hits the water elemental.
The water elemental is burned terribly!
You destroy the water elemental!
Vehumet accepts your kill.
You feel your power returning.
You hear a shout!
The large abomination completely misses you.
A neqoxec comes into view.
Casting: Bolt of Fire
Confirm with . or Enter, or press ? or * to list all spells.
Aiming: Bolt of Fire
Press: ? - help, Shift-Dir - straight line The bolt of fire hits the neqoxec.
The neqoxec is almost dead.
The neqoxec gestures at you.
Strange energies course through your body.
You block the large abomination's attack.
Casting: Bolt of Fire
Confirm with . or Enter, or press ? or * to list all spells.
Aiming: Bolt of Fire
Press: ? - help, Shift-Dir - straight line The bolt of fire hits the neqoxec.
You kill the neqoxec!
Vehumet accepts your kill.
You feel your power returning.
The smoke demon roars!
You block the large abomination's attack.
You hit the large abomination. You burn the large abomination.
The large abomination is lightly damaged.
The large abomination closely misses you.
Casting: Bolt of Fire
Confirm with . or Enter, or press ? or * to list all spells.
You don't have enough magic to cast that spell.
Casting: Bolt of Fire
Confirm with . or Enter, or press ? or * to list all spells.
Aiming: Throw Flame
Press: ? - help, Shift-Dir - straight line, f - large abomination
Aim: a large abomination (lightly damaged)
The puff of flame hits the large abomination.
The large abomination is moderately damaged.
The smoke demon gestures at you. Something smites you!
Your body deteriorates!
You feel weakened. The large abomination hits you!!
Your body deteriorates!
You feel clumsy.
Casting: Throw Flame
Confirm with . or Enter, or press ? or * to list all spells.
Aiming: Throw Flame
Press: ? - help, Shift-Dir - straight line, f/p - large abomination
Aim: a large abomination (moderately damaged)
The puff of flame hits the large abomination.
The large abomination is heavily damaged.
The large abomination hits you!!
* * * LOW HITPOINT WARNING * * *
Your body deteriorates!
You feel weakened.
Really read
U - a scroll of blinking {!r}?
Really read with blurry vision while enemies are nearby? [Y]es or [N]o only, please.
Really read with blurry vision while enemies are nearby? [Y]es or [N]o only, please.
Really read with blurry vision while enemies are nearby?
You begin reading the scroll.
You continue reading the scroll.
The large abomination hits you.
* * * LOW HITPOINT WARNING * * *
You continue reading the scroll.
The large abomination hits you!!
You die...

...# ###. ##
## . #..#
##.. # #..
....
..#.####
..## .
........##
#...# #. .#
#...####...#
#...#
#..........
..#.#..#
#.#.### ...
.## .#.#...#
.# #..#
#@#.# ...
#..# #.X...#
# . ##...##
..### ...##
.# #...
##..# ...
####


You could see a large abomination.

Vanquished Creatures
  Nikola (Shoals:4)
  Polyphemus (Shoals:3)
  Kirke (D:12)
  5 krakens
  Gastronok (D:7)
  A frost giant (D:15)
  Ilsuiw (Shoals:4)
  An orc warlord (Orc:2)
  Louise (Shoals:3)
  Nessos (Lair:4)
  Azrael (D:12)
  A spark wasp (Spider:2)
  5 merfolk javelineers
  A minotaur (Lab)
  3 merfolk impalers
  Erolcha (D:9)
  Fannar (Lair:2)
  2 catoblepae
  9 hydras
  8 vault guards (D:13)
  2 centaur warriors
  Erica (Lair:2)
  2 ice dragons (IceCv)
  6 merfolk avatars
  5 merfolk aquamancers (Shoals:4)
  A tengu warrior (D:14)
  6 death yaks
  A deep troll shaman (Lair:6)
  An orc high priest (Orc:2)
  A shadow wraith (D:14)
  A fire crab (Shoals:4)
  5 skeletal warriors (D:13)
  An unseen horror (D:11)
  10 sea snakes
  Pikel (D:7)
  A lindwurm (Lair:6)
  7 orc knights
  21 harpies
  2 orb spiders (Spider:1)
  19 ugly things
  5 wolf spiders (Spider:1)
  2 orc sorcerers (Orc:2)
  A deep elf mage (D:14)
  4 oklob plants (Lair:4)
  2 salamanders (Volcano)
  22 fauns
  5 cyclopes
  6 manticores
  3 black mambas
  11 elephants
  13 merfolk sirens
  10 water nymphs
  2 ice statues (IceCv)
  A gargoyle (D:15)
  10 spiny frogs
  3 kobold demonologists (D:14)
  6 komodo dragons
  3 rime drakes
  A yaktaur (D:15)
  3 demonic crawlers (Spider:1)
  2 ice devils (D:13)
  7 trolls
  29 merfolk
  2 minotaur zombies (Lab)
  7 jumping spiders
  6 polar bears
  4 wind drakes
  2 hornets (D:14)
  The ghost of bmj180 the Shield-Bearer, an amateur HuFi (D:3)
  5 snapping turtles
  6 slime creatures
  13 dream sheep
  13 hippogriffs
  A centaur simulacrum (D:13)
  A dream sheep (shapeshifter) (D:15)
  7 redbacks
  A tarantella (shapeshifter) (D:14)
  2 vampires
  9 fire bats
  3 tarantellas (Spider:1)
  5 wyverns
  7 water elementals
  5 basilisks
  Grum (D:8)
  46 yaks
  4 fire elementals (D:12)
  5 hogs (D:12)
  A hungry ghost (D:15)
  A neqoxec (Abyss:4)
  The ghost of Curus the Twirler, an amateur DsGl of Trog (D:6)
  Menkaure (D:4)
  A chaos spawn (Abyss:4)
  6 wargs
  An acid dragon (D:14)
  16 water moccasins
  9 porcupines
  2 hell hounds
  2 sky beasts
  A necrophage (D:12)
  16 ice beasts
  37 orc warriors
  A black bear (Lair:6)
  3 slaves (D:7)
  5 phantoms
  7 ogres
  2 eyes of draining (D:9)
  30 wolves
  17 centaurs
  9 crocodiles
  Blork the orc (Orc:2)
  6 big kobolds
  14 bullfrogs
  A water moccasin skeleton (D:9)
  A scorpion (D:11)
  9 killer bees
  9 wights
  11 electric eels
  9 howler monkeys
  3 bullfrog zombies
  A wyvern simulacrum (D:13)
  3 crimson imps
  7 lava snakes (Volcano)
  2 centaur zombies
  18 orc wizards
  A bullfrog skeleton (D:5)
  6 centaur skeletons
  10 hounds
  10 jellies
  24 orc priests
  Jessica (D:2)
  6 iguanas
  8 worker ants
  A hound skeleton (D:9)
  13 adders
  8 gnolls (D:4)
  6 river rats (D:4)
  5 shadow imps
  3 white imps (D:13)
  3 oozes
  An adder skeleton (D:4)
  An adder zombie (D:7)
  7 dart slugs
  8 leopard geckos
  75 orcs
  4 bats
  6 giant cockroaches
  7 goblins
  13 hobgoblins
  4 jackals (D:9)
  3 quokkas
  A ball python (D:4)
  7 frilled lizards
  30 kobolds
  2 leopard gecko zombies
  27 rats
  5 plants
  7 tentacles
1024 creatures vanquished.

Vanquished Creatures (others)
  A salamander (Volcano)
  A centaur (D:12)
  9 fungi
  A lurking horror (Abyss:4)
  21 plants
  22 tentacles
55 creatures vanquished.

Grand Total: 1079 creatures vanquished

Notes
Turn   | Place    | Note
-------+----------+-------------------------------------------
     0 | D:1      | Mgcat the Gargoyle Fire Elementalist began the quest for the Orb.
     0 | D:1      | Reached XP level 1. HP: 10/10 MP: 3/3
    70 | D:1      | Reached XP level 2. HP: 13/15 MP: 0/5
   310 | D:1      | Reached skill level 2 in Conjurations
   337 | D:1      | Reached XP level 3. HP: 19/19 MP: 2/6
   838 | D:2      | Noticed Jessica
   853 | D:2      | Killed Jessica
   853 | D:2      | Reached XP level 4. HP: 20/24 MP: 3/8
  1038 | D:2      | Learned a level 2 spell: Throw Flame
  1042 | D:2      | Learned a level 3 spell: Conjure Flame
  1050 | D:2      | Reached skill level 3 in Spellcasting
  1370 | D:2      | Reached skill level 3 in Conjurations
  1444 | D:3      | Reached XP level 5. HP: 28/28 MP: 9/9
  1501 | D:3      | Reached skill level 4 in Fire Magic
  1533 | D:3      | Noticed bmj180's ghost (amateur HuFi)
  1669 | D:3      | Killed bmj180's ghost
  1669 | D:3      | Reached skill level 4 in Conjurations
  1669 | D:3      | Reached XP level 6. HP: 14/32 MP: 10/11
  2490 | D:4      | Noticed Menkaure
  2495 | D:4      | Killed Menkaure
  2495 | D:4      | Reached skill level 4 in Spellcasting
  2495 | D:4      | Reached skill level 5 in Fire Magic
  2495 | D:4      | Reached XP level 7. HP: 36/36 MP: 13/13
  2693 | D:4      | Learned a level 4 spell: Sticky Flame
  2870 | D:4      | Reached skill level 5 in Conjurations
  3123 | D:4      | Learned a level 5 spell: Fireball
  3311 | D:4      | Reached skill level 5 in Spellcasting
  3311 | D:4      | Reached XP level 8. HP: 41/41 MP: 15/15
  3534 | D:5      | Entered Level 5 of the Dungeon
  3590 | D:5      | Reached skill level 6 in Fire Magic
  3872 | D:5      | Reached skill level 1 in Fighting
  3872 | D:5      | Reached skill level 1 in Armour
  3872 | D:5      | Reached skill level 6 in Conjurations
  3881 | D:5      | Reached skill level 2 in Dodging
  4066 | D:5      | Reached skill level 2 in Fighting
  4066 | D:5      | Reached skill level 2 in Armour
  4457 | D:6      | Found Otesehi's Magic Scroll Emporium.
  4570 | D:6      | Found a staircase to the Ecumenical Temple.
  4583 | Temple   | Entered the Ecumenical Temple
  4699 | Temple   | Became a worshipper of Vehumet
  4862 | D:6      | Noticed Curus's ghost (amateur DsGl)
  4871 | D:6      | Killed Curus's ghost
  4871 | D:6      | Reached XP level 9. HP: 37/49 MP: 14/17
  5045 | D:6      | Reached skill level 3 in Fighting
  5229 | D:6      | Got a fine tin ring
  5230 | D:6      | Identified the cursed ring "Lofi" {*Contam rN++ Int-3 Stlth+} (You found it on level 6 of the Dungeon)
  5257 | D:6      | Reached skill level 3 in Armour
  5834 | D:7      | Reached skill level 3 in Dodging
  6373 | D:7      | Reached skill level 6 in Spellcasting
  6501 | D:7      | Found a shimmering altar of Xom.
  6738 | D:7      | Found a stormy altar of Qazlal.
  6847 | D:7      | Noticed Pikel
  6887 | D:7      | Killed Pikel
  6887 | D:7      | Reached skill level 4 in Fighting
  6887 | D:7      | Reached skill level 4 in Armour
  6887 | D:7      | Reached skill level 7 in Conjurations
  6887 | D:7      | Reached skill level 7 in Fire Magic
  7029 | D:8      | Noticed Grum
  7029 | D:8      | Noticed Gastronok
  7063 | D:7      | HP: 8/52 [Gastronok/the air (17)]
  7073 | D:7      | Killed Gastronok
  7073 | D:7      | Reached skill level 5 in Fighting
  7073 | D:7      | Reached skill level 4 in Dodging
  7073 | D:7      | Reached XP level 10. HP: 35/59 MP: 0/20
  7203 | D:7      | Reached skill level 5 in Armour
  7435 | D:7      | Found a shimmering altar of Xom.
  7789 | D:8      | Reached * piety under Vehumet
  7789 | D:8      | Offered knowledge of Shock by Vehumet.
  7799 | D:8      | Reached skill level 7 in Spellcasting
  7799 | D:8      | Reached skill level 8 in Conjurations
  7817 | D:8      | HP: 14/59 [Grum/spear (4)]
  7818 | D:8      | Killed Grum
  7836 | D:8      | HP: 12/59 [wolf[Grum] (4)]
  7837 | D:8      | Reached skill level 8 in Fire Magic
  8024 | D:8      | Found a viscous altar of Jiyva.
  8139 | D:8      | Found a radiant altar of Vehumet.
  9024 | D:9      | Reached XP level 11. HP: 64/64 MP: 21/21
  9028 | D:9      | Reached skill level 6 in Fighting
  9039 | D:9      | Reached skill level 6 in Armour
  9134 | D:9      | Reached skill level 5 in Dodging
  9162 | D:9      | Noticed Erolcha
  9173 | D:9      | Killed Erolcha
  9173 | D:9      | Offered knowledge of Throw Frost by Vehumet.
  9222 | D:9      | Reached ** piety under Vehumet
  9709 | D:9      | Found Jaxzik's Armour Boutique.
  9896 | D:9      | Found a staircase to the Orcish Mines.
 10043 | D:9      | Found a roughly hewn altar of Beogh.
 10204 | D:10     | Entered Level 10 of the Dungeon
 10217 | D:10     | Offered knowledge of Ignite Poison by Vehumet.
 10217 | D:10     | Reached skill level 9 in Conjurations
 10610 | D:10     | Reached *** piety under Vehumet
 10619 | D:10     | Found a runed gate.
 10619 | D:10     | Found a runed gate.
 10622 | D:10     | Found a runed gate.
 10647 | D:10     | Found a runed door.
 10656 | D:10     | Found a runed door.
 10658 | D:10     | Found the +9 staff of Olgreb {rPois}
 11141 | D:11     | Reached skill level 7 in Fighting
 11295 | D:11     | Offered knowledge of Airstrike by Vehumet.
 11373 | D:11     | Reached skill level 7 in Armour
 11383 | D:11     | Reached skill level 8 in Spellcasting
 11403 | D:11     | Reached skill level 9 in Fire Magic
 11414 | D:11     | HP: 11/67 [yak (9)]
 11800 | D:11     | Reached XP level 12. HP: 53/72 MP: 14/24
 11878 | D:11     | Found a staircase to the Lair.
 12043 | D:11     | Reached skill level 6 in Dodging
 12046 | D:11     | Reached **** piety under Vehumet
 12281 | D:11     | Offered knowledge of Iskenderun's Battlesphere by Vehumet.
 12288 | D:11     | Learned a level 5 spell: Iskenderun's Battlesphere
 12891 | Lair:1   | Entered Level 1 of the Lair of Beasts
 12954 | Lair:1   | Reached skill level 8 in Fighting
 13278 | Lair:1   | Reached skill level 10 in Conjurations
 13373 | Lair:1   | Noticed an eight-headed hydra
 13381 | Lair:1   | Killed an eight-headed hydra
 13381 | Lair:1   | Reached skill level 8 in Armour
 13449 | Lair:1   | Noticed a four-headed hydra
 13461 | Lair:1   | Killed a four-headed hydra
 13999 | Lair:2   | Noticed Fannar
 14007 | Lair:2   | Killed Fannar
 14007 | Lair:2   | Reached skill level 9 in Spellcasting
 14080 | Lair:2   | Noticed an eight-headed hydra
 14087 | Lair:2   | Killed an eight-headed hydra
 14087 | Lair:2   | Reached skill level 10 in Fire Magic
 14169 | Lair:2   | Noticed Erica
 14170 | Lair:2   | Reached skill level 7 in Dodging
 14192 | Lair:2   | Reached XP level 13. HP: 27/80 MP: 2/26
 14197 | Lair:2   | HP: 16/80 [spiny frog (12)]
 14209 | Lair:2   | HP: 17/80 [wolf (2)]
 14220 | Lair:1   | HP: 15/80 [wolf (4)]
 14464 | Lair:2   | Reached skill level 9 in Fighting
 14490 | Lair:2   | Killed Erica
 14969 | Lair:2   | Found a hole to the Spider Nest.
 15531 | Lair:3   | Found a labyrinth entrance.
 15536 | Lair:3   | Found a staircase to the Shoals.
 15579 | Lair:3   | Got a scorched short sword
 15587 | Lair:3   | Identified the +5 short sword of Wondrous Power {flame, +Inv rPois rC+} (You found it on level 3 of the Lair of Beasts)
 15603 | Lab      | Entered a labyrinth
 16067 | Lab      | Noticed a minotaur
 16083 | Lab      | Killed a minotaur
 16113 | Lab      | HP: 18/80 [minotaur zombie (18)]
 16330 | Lab      | Reached skill level 11 in Conjurations
 16335 | Lab      | Identified Teleceitt's Guide on Enchantment
 17091 | Lair:3   | Got a heavily runed ring mail
 17102 | Lair:3   | Identified the +5 ring mail "Xetz" {rN+} (You found it on level 3 of the Lair of Beasts)
 17935 | Lair:4   | Noticed Nessos
 17942 | Lair:4   | Killed Nessos
 18176 | Lair:4   | Reached skill level 10 in Fighting
 18206 | Lair:4   | Reached ***** piety under Vehumet
 18303 | Lair:4   | Offered knowledge of Force Lance by Vehumet.
 18517 | Lair:4   | Reached skill level 8 in Dodging
 18664 | Lair:4   | Reached skill level 10 in Spellcasting
 18965 | Lair:5   | Reached skill level 11 in Fire Magic
 19199 | Lair:5   | Gained mutation: Your large and strong wings let you fly indefinitely. [Gargoyle growth]
 19199 | Lair:5   | Reached XP level 14. HP: 80/88 MP: 28/28
 19995 | Lair:6   | Entered Level 6 of the Lair of Beasts
 20795 | Lair:6   | Reached skill level 12 in Conjurations
 21915 | Lair:6   | Found a viscous altar of Jiyva.
 21916 | Lair:6   | Found a staircase to the Slime Pits.
 22307 | Orc:1    | Entered Level 1 of the Orcish Mines
 22337 | Orc:1    | Found a dark tunnel.
 22344 | Volcano  | Entered a volcano
 22375 | Volcano  | Learned a level 4 spell: Force Lance
 22516 | Volcano  | Reached skill level 11 in Fighting
 22905 | Volcano  | HP: 20/90 [salamander/spear of freezing (5)]
 22906 | Volcano  | HP: 6/90 [salamander/spear of freezing (5)]
 23401 | Orc:2    | Entered Level 2 of the Orcish Mines
 23525 | Orc:2    | Reached skill level 9 in Armour
 23764 | Orc:2    | Offered knowledge of Bolt of Fire by Vehumet.
 23775 | Orc:2    | Learned a level 6 spell: Bolt of Fire
 24033 | Orc:2    | Found a staircase to the Elven Halls.
 24066 | Orc:2    | Noticed Blork the orc
 24087 | Orc:2    | Killed Blork the orc
 24099 | Orc:2    | HP: 10/90 [orc priest/divine providence (14)]
 24104 | Orc:2    | HP: 6/90 [orc wizard/magic dart (5)]
 24120 | Orc:2    | HP: 11/90 [orc priest/divine providence (11)]
 24122 | Orc:2    | HP: 2/90 [orc priest/divine providence (10)]
 24561 | Orc:2    | Reached skill level 9 in Dodging
 25077 | Orc:2    | Noticed an orc warlord
 25107 | Orc:2    | Killed an orc warlord
 25545 | Orc:2    | Reached XP level 15. HP: 72/95 MP: 8/29
 25679 | Orc:2    | Found a roughly hewn altar of Beogh.
 25903 | Orc:2    | Found Fiosk's Jewellery Boutique.
 25905 | Orc:2    | Found Lainey's Antique Weapon Boutique.
 26115 | Orc:2    | Found Sunen's Antique Armour Boutique.
 26121 | Orc:2    | Bought a pair of runed gloves for 210 gold pieces
 26148 | Orc:2    | Bought an uncursed amulet of magic regeneration for 450 gold pieces
 26171 | Orc:2    | Found Boalotan's General Store.
 26644 | D:12     | Noticed Azrael
 26706 | D:11     | Reached skill level 11 in Spellcasting
 26932 | D:12     | Killed Azrael
 27075 | D:12     | Reached skill level 12 in Fire Magic
 27096 | D:12     | Noticed Kirke
 27154 | D:12     | Killed Kirke
 27719 | D:13     | Found a frozen archway.
 27739 | IceCv    | Entered an ice cave
 27900 | IceCv    | Reached skill level 1 in Shields
 28411 | D:13     | Reached skill level 2 in Shields
 28573 | D:13     | Found a gate to the Vaults.
 28575 | D:13     | Reached skill level 10 in Armour
 28592 | D:13     | Reached skill level 13 in Conjurations
 28764 | D:13     | Offered knowledge of Lee's Rapid Deconstruction by Vehumet.
 28771 | D:13     | Learned a level 5 spell: Lee's Rapid Deconstruction
 29234 | D:14     | Reached ****** piety under Vehumet
 29326 | D:14     | Reached skill level 3 in Shields
 29423 | D:14     | Reached skill level 1 in Earth Magic
 29505 | D:14     | Reached skill level 12 in Fighting
 29517 | D:14     | HP: 24/96 [yak (6)]
 29918 | D:14     | Reached skill level 2 in Earth Magic
 30013 | D:14     | Found an ornate altar of the Wu Jian Council.
 30348 | D:14     | Reached XP level 16. HP: 52/101 MP: 15/31
 30351 | D:14     | Offered knowledge of Bolt of Magma by Vehumet.
 30358 | D:14     | HP: 21/101 [purple ugly thing (14)]
 30652 | D:15     | Entered Level 15 of the Dungeon
 30652 | D:15     | Noticed Roxanne
 30935 | D:14     | Reached skill level 3 in Earth Magic
 31030 | D:15     | Reached skill level 4 in Shields
 31298 | D:15     | Found Zuclijun's Magic Scroll Boutique.
 31779 | D:15     | Found a staircase to the Depths.
 31795 | D:15     | Reached skill level 4 in Earth Magic
 32262 | Orc:2    | Bought a faintly glowing trident for 306 gold pieces
 32262 | Orc:2    | Identified the +9 trident of Bile {flame, +Inv rF+ rN+ Stlth+} (You bought it in a shop on level 2 of the Orcish Mines)
 32264 | Orc:2    | Identified a scroll of acquirement
 32265 | Orc:2    | Got a twitching sapphire amulet
 32266 | Orc:2    | Identified the amulet "Nairph" {+Rage Int+4 Dex-5 Slay+3} (You acquired it on level 2 of the Orcish Mines)
 32438 | Shoals:1 | Entered Level 1 of the Shoals
 32776 | Shoals:1 | HP: 22/101 [snapping turtle (13)]
 32778 | Shoals:1 | HP: 8/101 [snapping turtle (15)]
 32779 | Shoals:1 | Reached skill level 1 in Evocations
 32794 | Shoals:1 | HP: 14/101 [faun/sling bullet (3)]
 32801 | Shoals:1 | HP: 13/101 [snapping turtle (3)]
 33060 | Shoals:1 | Reached skill level 1 in Polearms
 33384 | Shoals:1 | Reached skill level 5 in Earth Magic
 33674 | Shoals:2 | Reached skill level 13 in Fire Magic
 33773 | Shoals:2 | Reached skill level 12 in Spellcasting
 33797 | Shoals:2 | Offered knowledge of Ozocubu's Refrigeration by Vehumet.
 33940 | Shoals:2 | Reached skill level 2 in Evocations
 33943 | Shoals:2 | Reached skill level 2 in Polearms
 34747 | Shoals:2 | Found Cioxuec's Antique Weapon Boutique.
 34761 | Shoals:2 | Bought a transparent great sword for 264 gold pieces
 34761 | Shoals:2 | Identified the cursed +1 great sword of Exhibitionism {drain, rC+} (You bought it in a shop on level 2 of the Shoals)
 34809 | Shoals:2 | Reached skill level 6 in Earth Magic
 34893 | Shoals:2 | Noticed a kraken
 34893 | Shoals:2 | Noticed a kraken
 34923 | Shoals:2 | Killed a kraken
 34923 | Shoals:2 | Reached skill level 3 in Polearms
 34923 | Shoals:2 | Reached skill level 3 in Evocations
 35013 | Shoals:2 | Killed a kraken
 35013 | Shoals:2 | Reached skill level 14 in Conjurations
 35013 | Shoals:2 | Reached XP level 17. HP: 92/106 MP: 2/33
 35552 | Shoals:3 | Found a blossoming altar of Fedhas.
 35557 | Shoals:3 | Noticed a kraken
 35565 | Shoals:3 | Killed a kraken
 35681 | Shoals:3 | Noticed Louise
 35687 | Shoals:3 | Killed Louise
 36007 | Shoals:3 | Noticed Polyphemus
 36018 | Shoals:3 | Killed Polyphemus
 36151 | Shoals:3 | Reached skill level 4 in Polearms
 36153 | Shoals:3 | Reached skill level 4 in Evocations
 36225 | Shoals:3 | Found Numaki's Magic Scroll Emporium.
 36238 | Shoals:3 | Bought a scroll of acquirement for 780 gold pieces
 36238 | Shoals:3 | Bought a scroll of fog for 30 gold pieces
 36238 | Shoals:3 | Bought a scroll of fog for 30 gold pieces
 36242 | Shoals:3 | Found the +15 Maxwell's patent armour {-Cast -Tele rElec MR+ rCorr}
 36242 | Shoals:3 | Got a bloodstained buckler
 36254 | Shoals:3 | Identified the +3 buckler of Fun {Regen+ rCorr Int+3} (You acquired it on level 3 of the Shoals)
 36346 | Shoals:3 | Reached skill level 7 in Earth Magic
 36663 | Shoals:4 | Entered Level 4 of the Shoals
 36716 | Shoals:4 | Noticed Nikola
 36732 | Shoals:4 | Killed Nikola
 36754 | Shoals:4 | Noticed a kraken
 36866 | Shoals:4 | Killed a kraken
 36866 | Shoals:4 | Offered knowledge of Spellforged Servitor by Vehumet.
 36928 | Shoals:4 | Learned a level 7 spell: Spellforged Servitor
 37107 | Shoals:4 | Noticed Ilsuiw
 37114 | Shoals:4 | Killed Ilsuiw
 37132 | Shoals:4 | Reached skill level 1 in Summonings
 37206 | Shoals:4 | Reached skill level 2 in Summonings
 37618 | Shoals:4 | Reached skill level 3 in Summonings
 37721 | Shoals:4 | Reached skill level 14 in Fire Magic
 37767 | Shoals:4 | Reached skill level 13 in Spellcasting
 38038 | Shoals:4 | HP: 20/106 [merfolk/trident (10)]
 38184 | Shoals:4 | Got a pitted eveningstar {vamp}
 38185 | Shoals:4 | Identified the +2 eveningstar "Ultimatum" {vamp, Int+3} (You took it off a merfolk aquamancer on level 4 of the Shoals)
 38465 | Shoals:4 | Reached XP level 18. HP: 97/112 MP: 24/35
 38466 | Shoals:4 | Reached skill level 4 in Summonings
 38671 | Shoals:4 | Got a barnacled rune of Zot
 38703 | Shoals:4 | Got a faintly glowing demon blade
 38704 | Shoals:4 | Identified the cursed +0 demon blade of Fundamental Breach {elec, Dex+4} (You found it on level 4 of the Shoals)
 39503 | Spider:1 | Entered Level 1 of the Spider Nest
 39755 | Spider:1 | Offered knowledge of Conjure Ball Lightning by Vehumet.
 39755 | Spider:1 | Reached skill level 5 in Summonings
 40357 | Spider:2 | Noticed Frances
 40419 | Spider:1 | Cast into level 4 of the Abyss (miscasting Spellforged Servitor)
 40419 | Abyss:4  | Found a corrupted altar of Lugonu.
 40449 | Abyss:4  | Found an ornate altar of the Wu Jian Council.
 40517 | Abyss:4  | Found a corrupted altar of Lugonu.
 40531 | Abyss:4  | Noticed a bone dragon
 40565 | Abyss:4  | HP: 9/89 [large abomination (20)]
 40568 | Abyss:4  | Mangled by a large abomination

Skill      XL: |  1  2  3  4  5  6  7  8  9 10 11 12 13 14 15 16 17 18 |
---------------+-------------------------------------------------------+-----
Conjurations   | 2 3 4 5 6 7 8 9 10 11 12 13 14 | 14.4
Spellcasting   | 3 4 5 6 7 8 9 10 11 12 13 | 13.4
Fire Magic     | 4 5 6 7 8 9 10 11 12 13 14 | 14.5
Fighting       | 2 5 7 8 10 11 12 | 12.1
Armour         | 2 4 5 7 8 9 10 | 10.5
Dodging        | 2 4 5 7 8 9 |  9.8
Shields        | 3 4 |  4.0
Earth Magic    | 2 6 7 |  7.5
Evocations     | 3 4 |  4.5
Polearms       | 3 4 |  4.5
Summonings     | 3 5 |  5.2
Stealth        | |  2.1

Action                   |  1- 3 |  4- 6 |  7- 9 | 10-12 | 13-15 | 16-18 || total
-------------------------+-------+-------+-------+-------+-------+-------++-------
Melee: Dagger            |    40 |     9 |       |       |       |       ||    49
       Staff             |       |       |    23 |    48 |     2 |       ||    73
       Short sword       |       |       |       |       |   169 |    50 ||   219
       Trident           |       |       |       |       |       |   341 ||   341
 Cast: Flame Tongue      |    36 |    24 |   200 |   463 |   434 |       ||  1157
       Throw Flame       |       |    59 |   124 |   245 |   717 |   354 ||  1499
       Conjure Flame     |       |     1 |     3 |    16 |    31 |     4 ||    55
       Sticky Flame      |       |       |     9 |    48 |   107 |    47 ||   211
       Fireball          |       |       |       |       |    65 |   136 ||   201
       Iskenderun's Batt |       |       |       |       |    51 |    15 ||    66
       Force Lance       |       |       |       |       |    82 |    10 ||    92
       Bolt of Fire      |       |       |       |       |    28 |    71 ||    99
       Lee's Rapid Decon |       |       |       |       |       |     8 ||     8
 Abil: Evoke Invisibilit |       |       |       |       |     1 |       ||     1
       Fly               |       |       |       |       |     1 |       ||     1
Evoke: Wand              |       |       |     3 |     5 |     4 |     1 ||    13
       Sack of spiders   |       |       |       |       |     2 |       ||     2
       Fan of gales      |       |       |       |       |     1 |       ||     1
  Use: Scroll            |       |       |    20 |     4 |    24 |    16 ||    64
       Potion            |       |       |     1 |     8 |     6 |     5 ||    20
  Eat: Chunk             |       |     9 |    12 |    24 |    52 |    35 ||   132
       Ration            |       |       |     1 |     1 |    11 |     9 ||    22
Armor: Robe              |    15 |     7 |    13 |   182 |   104 |       ||   321
       Leather armour    |       |       |    56 |       |       |       ||    56
       Ring mail         |       |       |       |       |   430 |   547 ||   977
Dodge: Dodged            |    23 |    20 |    79 |   323 |   706 |   488 ||  1639
Block: Buckler           |       |       |       |       |    41 |   201 ||   242
       Reflection        |       |       |       |       |       |     1 ||     1

Vault maps used:
D:1:      sevenhm_arrival_forest_fort_small_3, nrook_uturn
D:2:      first_ration, feat_on_display, uniq_jessica
D:3:      kennysheep_potato
D:4:      dk_rats_in_the_wall, uniq_menkaure
D:6:      minmay_temple_entry_statues_fountains, serial_shops,
          nicolae_shop_behind_doors
D:7:      brannock_xom_greatest_gift, grunt_qazlal_clouds, uniq_pikel
D:8:      basic_altar, grunt_ogre_cave, jiyva_altar_1, uniq_grum, uniq_gastronok
D:9:      minmay_orc_entry_temple_small, serial_shops, kennysheep_mini_moat,
          uniq_erolcha
D:10:     minmay_guarded_unrand_staff_of_olgreb
D:11:     erik_lair_orcish_takeover, minivault_4
D:12:     uniq_kirke, uniq_azrael
D:13:     erik_vaults_2, serial_ice, serial_ice_m, serial_ice_i, serial_ice_b,
          serial_ice_c, portal_ice_cave_demonic_guard
D:14:     basic_altar, minmay_misc_feat_nine_boxes
D:15:     grunt_enter_depths_snipers, serial_shops, nicolae_shop_waterfront,
          uniq_roxanne
Temple:   nicolae_temple_the_god_donut
Lair:1:   serial_bayou_crossing, infiniplex_staircase_pool_2
Lair:2:   spider_nest_entry_web_field, lemuel_fruit_tree, serial_bayou_shore_a,
          uniq_fannar, uniq_erica
Lair:3:   shoals_dummy_entry, lab_entry_generic
Lair:4:   minmay_lair_oklob_chamber, uniq_nessos
Lair:5:   minivault_25, fungi_pond_lemuel, small_statue_intersection
Lair:6:   grunt_lair_end_beastmaster, slime_altar_1, serial_bayou_lake_a
Shoals:2: serial_shops, shop, nicolae_shoals_dead_sea_scrolls
Shoals:3: serial_shops, shop, ldierk_geyser, wheals_shoals_ruined_temple,
          uniq_polyphemus, uniq_louise
Shoals:4: shoals_end_hangedman, shoals_ilsuiw_alternative,
          hangedman_shoal_volcano, uniq_nikola
Spider:1: nicolae_spider_webbed_stairs
Spider:2: uniq_frances
Orc:1:    enter_volcano_4
Orc:2:    grunt_orc_cross
Abyss:4:  bh_abyss_negative, hangedman_abyss_rune_macabre_mess, minivault_23,
          onia_ninara_dug_in_and_dangerous
Lab:      labyrinth_hidden_loot
IceCv:    ice_cave_small_dragons
Volcano:  volcano_grotto

Table legend:
 A = Turns spent in this place as a percentage of turns spent in the entire game.
 B = Non-inter-level travel turns spent in this place as a percentage of non-inter-level travel turns spent in the entire game.
 C = Inter-level travel turns spent in this place as a percentage of turns spent in this place.
 D = Turns resting spent in this place as a percentage of non-inter-level travel turns spent in this place.
 E = Turns spent auto-exploring this place as a percentage of non-inter-level travel turns spent in this place.
 F = Non-inter-level travel turns spent in this place divided by the number of levels of this place that you've seen.
                   A       B       C       D       E      F
               +-------+-------+-------+-------+-------+----------------------
         Total | 100.0 | 100.0 |   4.0 |   2.4 |  77.1 | 1145.6
       Dungeon |  45.0 |  44.4 |   5.2 |   0.7 |  80.4 | 1153.5
        Temple |   0.3 |   0.3 |   0.0 |   0.0 |  81.9 | 127.0
          Lair |  21.4 |  21.4 |   4.1 |   2.9 |  80.4 | 1387.8
        Shoals |  17.3 |  17.7 |   2.2 |   3.3 |  76.1 | 1720.8
   Spider Nest |   2.3 |   2.2 |   6.2 |   0.0 |  85.8 | 429.5
  Orcish Mines |   8.9 |   9.0 |   3.0 |   2.9 |  77.2 | 1749.5
         Abyss |   0.4 |   0.4 |   0.0 |   0.0 |   3.4 | 149.0
     Labyrinth |   1.8 |   1.9 |   0.0 |  26.0 |   0.0 | 735.0
      Ice Cave |   1.2 |   1.2 |   0.0 |   0.0 |  58.1 | 482.0
       Volcano |   1.4 |   1.5 |   0.0 |  10.2 |  63.1 | 586.0
               +-------+-------+-------+-------+-------+----------------------

Table legend:
 A = Kills in this place as a percentage of kills in entire the game.
 B = Kills by you in this place as a percentage of kills by you in the entire game.
 C = Kills by friends in this place as a percentage of kills by friends in the entire game.
 D = Other kills in this place as a percentage of other kills in the entire game.
 E = Experience gained in this place as a percentage of experience gained in the entire game.
 F = Experience gained in this place divided by the number of levels of this place that you have seen.
                   A       B       C       D       E      F
               +-------+-------+-------+-------+-------+----------------------
         Total | 100.0 | 100.0 |   N/A | 100.0 | 100.0 | 7772.9
       Dungeon |  47.9 |  47.9 |   N/A |  50.0 |  27.7 | 4882.3
        Temple |   0.1 |   0.1 |   N/A |   0.0 |   0.0 | 124.0
          Lair |  16.4 |  16.5 |   N/A |   0.0 |  18.7 | 8221.3
        Shoals |  17.3 |  17.3 |   N/A |   0.0 |  40.9 | 27042.0
   Spider Nest |   2.9 |   2.9 |   N/A |   0.0 |   4.0 | 5297.5
  Orcish Mines |  11.3 |  11.3 |   N/A |   0.0 |   4.7 | 6257.0
         Abyss |   0.3 |   0.3 |   N/A |   0.0 |   0.2 | 558.0
     Labyrinth |   0.3 |   0.3 |   N/A |   0.0 |   0.7 | 1727.0
      Ice Cave |   2.0 |   2.0 |   N/A |   0.0 |   2.0 | 5319.0
       Volcano |   1.6 |   1.5 |   N/A |  50.0 |   1.0 | 2710.0
               +-------+-------+-------+-------+-------+----------------------
